 Dungeon Crawl Stone Soup version 0.28-a0-983-g1de4e0787c (webtiles) character file.

Game seed: 8155157624490800785

951 Htamos the Skirmisher (level 8, -2/71 HPs)
             Began as a Hill Orc Fighter on Dec 3, 2021.
             Was an Initiate of Beogh.
             Slain by an adder (5 damage)
             ... on level 5 of the Dungeon.
             The game lasted 00:07:39 (6327 turns).

Htamos the Skirmisher (Hill Orc Fighter)            Turns: 6327, Time: 00:07:40

Health: -2/71      AC:  0    Str: 19    XL:     8   Next: 13%
Magic:  8/8        EV:  9    Int:  8    God:    Beogh [......]
Gold:   190        SH:  5    Dex: 12    Spells: 7/7 levels left

rFire   + . .      SeeInvis .   a - +1 war axe (spect)
rCold   . . .      Faith    .   c - +0 buckler
rNeg    . . .      Spirit   .   b - +0 scale mail
rPois   .          Reflect  .   (no helmet)
rElec   .          Harm     .   (no cloak)
rCorr   .          Rampage  .   (no gloves)
Will    .....                   (no boots)
Stlth   ..........              (no amulet)
HPRegen 0.21/turn               s - ring of protection from fire
MPRegen 0.11/turn               (no ring)

@: corroded
A: deformed body
a: Renounce Religion


You were on level 5 of the Dungeon.
You worshipped Beogh.
Beogh was noncommittal.
You visited 1 branch of the dungeon, and saw 5 of its levels.

You collected 190 gold pieces.

Inventory:

Hand Weapons
 a - a +1 spectral war axe (weapon)
Armour
 b - a +0 scale mail (worn)
 c - a +0 buckler (worn)
 v - a +1 kite shield
Jewellery
 s - a ring of protection from fire (left hand)
Scrolls
 e - a scroll of amnesia
 p - 2 scrolls of identify {@rr}
 q - a scroll of enchant armour
Potions
 k - 4 potions of attraction


   Skills:
 * Level 6.5 Fighting
 * Level 6.4 Axes
 * Level 5.9 Armour
 * Level 5.9 Shields


You had 7 spell levels left.
You didn't know any spells.
Your spell library contained the following spells:

 Spells                   Type           Power      Damage    Failure   Level
 Slow                     Hex            0%         N/A       75%         1
 Confusing Touch          Hex            0%         N/A       98%         3
 Portal Projectile        Hex/Tloc       0%         N/A       98%         3
 Vampiric Draining        Necr           0%         2d6       98%         3
 Blade Hands              Tmut           0%         N/A       100%        5
 Excruciating Wounds      Necr           0%         N/A       100%        5


Dungeon Overview and Level Annotations

Branches:
Dungeon (5/15)
 Temple: D:4-7

Altars:
Cheibriados
Nemelex Xobeh
Ru

Shops:
D:1 (

Annotations:
D:4 Dowan, Duvessa
D:5 1 runed translucent door, Crazy Yiuf, Pikel


Innate Abilities, Weirdness & Mutations

Armour fits poorly on your strangely shaped body.


Message History

You hit Pikel.
Pikel is lightly wounded.
Pikel closely misses you.
Pikel zaps a wand.
The bolt of acid hits you!!!
Ouch! That really hurt!
* * * LOW HITPOINT WARNING * * *
The acid corrodes you!
Pikel zaps a wand.
The bolt of acid misses you.
As you read the scroll labelled VIELYN ASUU, it crumbles to dust.
It is a scroll of enchant armour.
Your +0 kite shield glows green for a moment.
As you read the scroll labelled ESOKHA UGEDO, it crumbles to dust.
You hear a loud clanging noise!
It was a scroll of noise.
You hear a shout! x2
The adder bites you.
* * * LOW HITPOINT WARNING * * *
You are poisoned.
The adder poisons you! You block the adder's attack.
As you read the scroll labelled TEIKHL IRAIXACI, it crumbles to dust.
It is a scroll of brand weapon.
Your +1 war axe acquires a faint afterimage.
a - a +1 spectral war axe (weapon)
You feel sick. The adder bites you.
* * * LOW HITPOINT WARNING * * *
Unknown command.
You hit the adder.
The adder is heavily wounded.
Your +1 spectral war axe barely misses the adder.
Your +1 spectral war axe hits Pikel!
You feel sick. The adder bites you.
* * * LOW HITPOINT WARNING * * *
Pikel closely misses your +1 spectral war axe.
Unknown command.
You hit the adder.
The adder is almost dead.
Your +1 spectral war axe misses the adder.
Your +1 spectral war axe hits Pikel.
You feel sick.
You are no longer poisoned.
The adder bites you.
You die...

....####.....##.#####.#.# #.
.................#......## #.
....###..................# #.
..............#..........#######.
.(......##.#.....#.......##......
....###.##.#.....#.$........)....
....# #.......#K.#.......#.#...#.
..#.###)##...55S(.........###....
..#....5####..##@#.......#)#..###
..##.).5.55.K.##............#)# .
#.#######S.###############># .
#.# #..# #.# #.# #.?# #.### #K#
...# #.... 55# ...# ##### ...
...# # #.# #


You could see Pikel, 2 lemures, an adder and a friendly +1 spectral war axe
(summoned).

Vanquished Creatures
  Eustachio (D:4)
  A water moccasin (D:5)
  A sky beast (D:4)
  An ogre (D:4)
  A wyvern zombie (D:5)
  A scorpion (D:5)
  A bullfrog zombie (D:5)
  3 hounds
  A centaur skeleton (D:4)
  An iguana (D:3)
  An orc wizard (D:5)
  7 adders
  8 gnolls
  An ufetubus (D:4)
  An adder zombie (D:5)
  2 worms
  2 dart slugs
  An orc (D:5)
  2 bats
  4 endoplasms
  4 giant cockroaches
  4 goblins
  2 hobgoblins
  3 jackals (D:1)
  10 kobolds
  4 quokkas
  2 ball pythons (D:1)
  4 frilled lizards (D:2)
  5 rats
79 creatures vanquished.

Vanquished Creatures (others)
  2 orc priests (D:5)
  An orc (D:5)
3 creatures vanquished.

Grand Total: 82 creatures vanquished

Notes
Turn   | Place    | Note
-------+----------+-------------------------------------------
     0 | D:1      | Htamos the Hill Orc Fighter began the quest for the Orb.
     0 | D:1      | Reached XP level 1. HP: 19/19 MP: 1/1
    65 | D:1      | Found a faded altar of an unknown god.
   219 | D:1      | Found Pitaeqyi's Weapon Shop.
   256 | D:1      | Reached XP level 2. HP: 21/27 MP: 2/2
   960 | D:2      | Reached XP level 3. HP: 31/33 MP: 3/3
  1267 | D:2      | Reached XP level 4. HP: 22/40 MP: 4/4
  1927 | D:3      | Reached XP level 5. HP: 25/47 MP: 5/5
  2770 | D:3      | Found a sparkling altar of Nemelex Xobeh.
  2774 | D:3      | Found a sacrificial altar of Ru.
  3054 | D:4      | Noticed an ogre
  3068 | D:4      | Killed an ogre
  3069 | D:4      | Reached skill level 5 in Fighting
  3069 | D:4      | Reached XP level 6. HP: 42/56 MP: 6/6
  3595 | D:4      | Found a snail-covered altar of Cheibriados.
  3796 | D:4      | Noticed a sky beast
  3811 | D:4      | Killed a sky beast
  3812 | D:4      | Reached skill level 5 in Axes
  3812 | D:4      | Reached skill level 5 in Shields
  3816 | D:4      | Reached skill level 5 in Armour
  3816 | D:4      | Reached XP level 7. HP: 36/61 MP: 7/7
  4129 | D:4      | Noticed Eustachio
  4146 | D:4      | Killed Eustachio
  4352 | D:5      | Entered Level 5 of the Dungeon
  4385 | D:5      | Found a runed translucent door.
  4386 | D:5      | Noticed Crazy Yiuf
  4443 | D:5      | Noticed Duvessa
  4443 | D:5      | Noticed Dowan
  4677 | D:5      | Gained mutation: You are agile. (Dex +2) [potion of
                  | mutation]
  4677 | D:5      | Gained mutation: Armour fits poorly on your strangely
                  | shaped body. [potion of mutation]
  4677 | D:5      | Lost mutation: You are agile. (Dex +2) [potion of mutation]
  5854 | D:5      | Became a worshipper of Beogh the Brigand
  5871 | D:5      | Reached XP level 8. HP: 35/71 MP: 8/8
  6299 | D:5      | Noticed Pikel
  6327 | D:5      | HP: 3/71 [poisoned by an adder]
  6327 | D:5      | Slain by an adder

Illustrated notes

Levels and vault maps discovered:
D:1:      sevenhm_arrival_forest_fort_large_2, layout_rooms, serial_shops,
          nicolae_shop_bloodbath_and_beyond, basic_ecumenical_altar,
          kennysheep_boxes
D:2:      minmay_recursive_quarters, layout_basic, patterned_corridor
D:3:      layout_basic, grunt_temple_overflow_open
D:4:      layout_basic, cheibrodos_worm_habitat, chequers_garden, st_stairs_5,
          uniq_eustachio
D:5:      layout_loops_ring, uniq_crazy_yiuf_cottage, uniq_pikel, uniq_duvessa

Skill      XL: |  1  2  3  4  5  6  7 |
---------------+----------------------+-----
Axes           | 3 4 5 6 |  6.4
Fighting       | 4 5 6 |  6.5
Shields        | 4 5 |  5.9
Armour         | 4 5 |  5.9

Action                   |  1- 3 |  4- 6 |  7- 9 || total
-------------------------+-------+-------+-------++-------
Melee: War axe           |    94 |   146 |   137 ||   377
Invok: Convert to Beogh  |       |       |     1 ||     1
  Use: Scroll            |       |     3 |     9 ||    12
       Potion            |       |     2 |    10 ||    12
Armor: Scale mail        |    58 |    59 |    36 ||   153
       Skin              |       |       |     5 ||     5
Dodge: Dodged            |    51 |    57 |    62 ||   170
Block: Buckler           |    25 |    40 |    42 ||   107

Table legend: (Time is in decaauts)
 A = Elapsed time spent in this place.
 B = Non-inter-level travel time spent in this place.
 C = Inter-level travel time spent in this place.
 D = Time resting spent in this place.
 E = Time spent auto-exploring this place.
 F = Levels seen in this place.
 G = Mean time per level.
                   A        B        C        D        E       F      G
               +--------+--------+--------+--------+--------+-----+--------+
         Total |   6412 |   6336 |     76 |   2082 |   3250 |   5 | 1282.4 |
       Dungeon |   6412 |   6336 |     76 |   2082 |   3250 |   5 | 1282.4 |
               +--------+--------+--------+--------+--------+-----+--------+

Top non-repeatable levels by time:
     D:4: 1678 daAuts
     D:5: 1407 daAuts
     D:3: 1238 daAuts
     D:2: 1123 daAuts
     D:1: 964 daAuts
